 Dungeon Sprint DCSS version 0.23-a0-396-g5214e5f (webtiles) character file.

89 emperorscorpion the Gusty (level 4, -1/40 HPs)
             Began as an Octopode Air Elementalist on Nov 2, 2018.
             Shot with an arrow by a centaur (13 damage)
             ... in the Dungeon (Sprint IX: "|||||||||||||||||||||||||||||").
             The game lasted 00:01:03 (178 turns).

emperorscorpion the Gusty (OpAE)                     Turns: 178, Time: 00:01:04

Health: -1/40      AC:  1    Str: 12    XL:     4   Next: 55%
Magic:  5/11       EV: 13    Int: 17    God:
Gold:   0          SH:  0    Dex: 13    Spells: 13/14 levels left

rFire    . . .     SeeInvis .   (no weapon)
rCold    . . .     Gourm    .   (no shield)
rNeg     . . .     Faith    .   (helmet restricted)
rPois    .         Spirit   .   (no amulet)
rElec    .         Reflect  .   (no ring)
rCorr    .         Harm     .   (no ring)
MR       .....     NoTele   +   (no ring)
Stlth    ..........             (no ring)
HPRegen  0.13/turn              (no ring)
MPRegen  0.12/turn              (no ring)
                                (no ring)
                                (no ring)

@: berserking, hasted, very quick
A: almost no armour, stealthy swim, amphibious, 8 rings, constrict 8, camouflage
1, gelatinous body 1
a: no special abilities


You were in the Dungeon.
You were not hungry.

You visited 1 branch

Inventory:

Scrolls
 h - a scroll of blinking
Potions
 c - a potion of curing
 d - a potion of heal wounds
 f - 2 potions of magic
Comestibles
 a - 3 chunks of flesh
 b - a ration


   Skills:
 + Level 0.0 Fighting
 - Level 2.0 Dodging
 - Level 2.6 Stealth
 + Level 0.0 Unarmed Combat
 - Level 5.8 Spellcasting
 - Level 1.0 Conjurations
 - Level 6.7 Air Magic


You had 13 spell levels left.
You knew the following spells:

 Your Spells              Type           Power        Failure   Level  Hunger
a - Shock                 Conj/Air       ###.         2%          1    None

Your spell library contained the following spells:

 Spells                   Type           Power        Failure   Level  Hunger
 Swiftness                Chrm/Air       ###.....     4%          2    #......
 Static Discharge         Conj/Air       ###.....     8%          3    ##.....
 Airstrike                Air            ####......   8%          4    ####...
 Lightning Bolt           Conj/Air       ###.......   58%         5    ######.


Dungeon Overview and Level Annotations

Branches:
Dungeon (1/1)

Altars:


Innate Abilities, Weirdness & Mutations

You cannot wear most types of armour.
You are very stealthy in the water. (Stealth+)
You are amphibious.
You can wear up to eight rings at the same time.
You can use your tentacles to constrict eight enemies at once.
Your skin changes colour to match your surroundings (Stealth+).
Your rubbery body absorbs attacks. (AC +1, EV +1)


Message History

You have reached level 3!
Your experience leads to an increase in your attributes!
Your base attributes are Str 7, Int 17, Dex 12.
Increase (S)trength, (I)ntelligence, or (D)exterity?
You feel agile.
You have reached level 4!
The centaur wields a +0 shortbow.
The centaur shoots an arrow.
The arrow barely misses you.
Unknown command.
You miss something.
The water moccasin hisses angrily.
Your squeeze misses something. Something hits you. Something shocks you.
* * * LOW HITPOINT WARNING * * *
You barely miss something. Your squeeze misses something.
The centaur shoots an arrow.
The arrow closely misses you.
You barely miss something.
The centaur shoots an arrow.
Something hits you but does no damage.
You miss something.
The centaur shoots an arrow.
Something barely misses you.
You tentacle-slap something but do no damage.
The centaur shoots an arrow.
The arrow hits you!
You die...

▓▓▓
▓@▓
▓{▓
▓.▓
▓c▓
▓a▓
▓S▓
▓)▓
▓.▓
▓÷▓


You could see a water moccasin, a centaur and a worker ant.

Vanquished Creatures
  An ogre (D)
  A dart slug (D)
  A bat (D)
  A hobgoblin (D)
  A frilled lizard (D)
  A rat (D)
6 creatures vanquished.

Notes
Turn   | Place    | Note
-------+----------+-------------------------------------------
     0 | D        | emperorscorpion the Octopode Air Elementalist began the
                  | quest for the Orb.
     0 | D        | Reached XP level 1. HP: 11/11 MP: 3/3
     9 | D        | Reached skill level 4 in Air Magic
     9 | D        | Reached XP level 2. HP: 9/17 MP: 0/6
   157 | D        | Noticed an ogre
   157 | D        | Noticed a sky beast
   157 | D        | Noticed a centaur
   157 | D        | Noticed a water moccasin
   173 | D        | Killed an ogre
   173 | D        | Reached skill level 5 in Spellcasting
   173 | D        | Reached skill level 6 in Air Magic
   173 | D        | Reached XP level 3. HP: 15/21 MP: 5/10
   173 | D        | Reached XP level 4. HP: 19/27 MP: 5/11
   178 | D        | Shot with an arrow by a centaur

Vault maps used:
D:        linesprint

Skill      XL: |  1  2 |
---------------+-------+-----
Spellcasting   | 3 5 |  5.8
Air Magic      | 4 6 |  6.7
Dodging        | |  2.0
Stealth        | |  2.6
Conjurations   | |  1.0

Action                   |  1- 3 |  4- 6 || total
-------------------------+-------+-------++-------
Melee: Unarmed           |     6 |     5 ||    11
       Constrict         |     1 |       ||     1
       Tentacles         |     1 |       ||     1
 Cast: Shock             |     5 |       ||     5
  Use: Potion            |     2 |       ||     2
Armor: Skin              |       |     1 ||     1
Dodge: Dodged            |     2 |     3 ||     5

Table legend:
 A = Non-vault XP
 B = Vault XP
 C = Vault XP percentage of total XP
 D = Non-vault monster count
 E = Vault monster count
 F = Vault count percentage of total count
                 A         B        C        D         E       F
            +---------+---------+-------+---------+---------+-------
      Total |       0 |     128 | 100.0 |       0 |       6 | 100.0
            +---------+---------+-------+---------+---------+-------
          D |       0 |     128 | 100.0 |       0 |       6 | 100.0
            +---------+---------+-------+---------+---------+-------
